 Dungeon Crawl Stone Soup version 0.27.1-34-g3ba077fa99 (webtiles) character file.

Game seed: 67212206999912719

18840 belegose the Thaumaturge (level 12, -3/68 HPs)
             Began as a Tengu Conjurer on Jan 5, 2022.
             Was a High Priest of Vehumet.
             Slain by an entropy weaver simulacrum (5 damage)
             ... in an ice cave.
             The game lasted 01:38:12 (17023 turns).

belegose the Thaumaturge (Tengu Conjurer)          Turns: 17023, Time: 01:38:13

Health: -3/68      AC:  6    Str: 12    XL:     12   Next: 62%
Magic:  22/25      EV: 14    Int: 20    God:    Vehumet [*****.]
Gold:   1102       SH: 10    Dex: 12    Spells: 7/28 levels left

rFire    x x .     SeeInvis .   a - +1 long sword (elec)
rCold    + + .     Faith    .   h - +0 buckler
rNeg     . . .     Spirit   .   L - +0 troll leather armour
rPois    .         Reflect  +   (helmet restricted)
rElec    .         Harm     .   (no cloak)
rCorr    .         Rampage  .   t - +0 pair of gloves
Will     .....                  (boots unavailable)
Stlth    ++........             s - amulet of reflection
HPRegen  1.21/turn              G - ring of ice
MPRegen  0.19/turn              u - ring of ice

@: flying quickly and evasively, quick
A: beak, talons 3, nimble flight
a: Renounce Religion


You were in an ice cave.
You worshipped Vehumet.
Vehumet was extremely pleased with you.
You visited 2 branches of the dungeon, and saw 16 of its levels.
You also visited: Sewer, Ossuary and Ice Cave.

You collected 1102 gold pieces.

Inventory:

Hand Weapons
 a - a +1 long sword of electrocution (weapon)
 b - a +1 dagger of venom
Missiles
 l - 336 stones
 m - 37 boomerangs (quivered)
 P - 45 poisoned darts
Armour
 h - a +0 buckler (worn)
 t - a +0 pair of gloves (worn)
 L - a +0 troll leather armour (worn)
 T - a +3 leather armour of fire resistance
Magical Staves
 w - a staff of poison
Jewellery
 o - a +4 ring of protection
 s - an amulet of reflection (around neck)
 u - a ring of ice (right hand)
 G - a ring of ice (left hand)
Wands
 k - a wand of polymorph (13)
 r - a wand of iceblast (11)
 B - a wand of paralysis (18)
 J - a wand of charming (6)
 O - a wand of flame (9)
 S - a wand of acid (8)
Scrolls
 e - 3 scrolls of noise
 f - 6 scrolls of teleportation
 i - a scroll of torment {unknown}
 j - 2 scrolls of blinking {unknown}
 p - 2 scrolls of immolation {unknown}
 q - a scroll of fear {unknown}
 v - a scroll of magic mapping
 x - a scroll of brand weapon {unknown}
 y - 2 scrolls of enchant armour {unknown}
 F - 2 scrolls of fog
 H - 4 scrolls of amnesia
 K - 2 scrolls of holy word {unknown}
 M - a scroll of silence {unknown}
 Q - 2 scrolls of enchant weapon {unknown}
 U - a scroll of summoning {unknown}
Potions
 c - 3 potions of berserk rage
 d - a potion of heal wounds
 g - 2 potions of magic
 n - 6 potions of brilliance
 z - 8 potions of curing
 A - a potion of might
 E - a potion of lignification
 I - a potion of mutation
Miscellaneous
 C - a piece from Xom's chessboard (15/15)
 D - a phantom mirror (inert)
 R - a lightning rod (3/4)


   Skills:
 - Level 5.2 Fighting
 - Level 4.7 Long Blades
 - Level 5.3 Armour
 - Level 2.5 Dodging
 - Level 4.1 Stealth
 - Level 4.0 Shields
 - Level 8.6 Spellcasting
 - Level 8.4 Conjurations
 - Level 6.0 Hexes
 - Level 3.4 Summonings
 - Level 4.0 Translocations
 + Level 5.9 Ice Magic
 - Level 5.7 Air Magic
 - Level 6.4 Poison Magic
 - Level 2.8 Evocations


You had 7 spell levels left.
You knew the following spells:

 Your Spells              Type           Power      Damage    Failure   Level
a - Magic Dart            Conj           100%       1d8       1%          1
b - Poisonous Vapours     Pois/Air       64%        N/A       1%          2
c - Fulminant Prism       Conj/Hex       18%        3d11      1%          4
d - Summon Guardian Gole  Hex/Summ       27%        N/A       4%          3
e - Blink                 Tloc           N/A        N/A       3%          2
f - Sticky Flame          Conj/Fire      25%        2d5       5%          4
g - Freezing Cloud        Conj/Ice/Air   34%        6-21      5%          5

Your spell library contained the following spells:

 Spells                   Type           Power      Damage    Failure   Level
 Iron Shot                Conj/Erth      12%        9d3       54%         6
 Freeze                   Ice            100%       1d11      1%          1
 Searing Ray              Conj           84%        3d6       1%          2
 Dazzling Flash           Conj/Hex       74%        N/A       1%          3
 Sting                    Tmut/Pois      84%        1d7       2%          1
 Summon Small Mammal      Summ           88%        N/A       2%          1
 Inner Flame              Hex/Fire       20%        N/A       2%          3
 Ozocubu's Armour         Ice            65%        N/A       2%          3
 Iskenderun's Mystic Bla  Conj/Tloc      33%        2d8       2%          4
 Olgreb's Toxic Radiance  Pois           34%        N/A       2%          4
 Corpse Rot               Necr/Air       N/A        N/A       4%          2
 Lesser Beckoning         Tloc           12%        N/A       6%          3
 Call Canine Familiar     Summ           22%        N/A       8%          3
 Cause Fear               Hex            16%        N/A       9%          4
 Summon Ice Beast         Ice/Summ       57%        N/A       14%         4
 Metabolic Englaciation   Hex/Ice        32%        N/A       24%         5
 Summon Mana Viper        Hex/Summ       27%        N/A       38%         5
 Manifold Assault         Tloc           24%        N/A       50%         5
 Animate Dead             Necr           4%         N/A       71%         4
 Ozocubu's Refrigeration  Ice            32%        4d11      85%         7
 Haunt                    Necr/Summ      7%         N/A       100%        7
 Monstrous Menagerie      Summ           11%        N/A       100%        7
 Summon Hydra             Summ           11%        N/A       100%        7
 Discord                  Hex            16%        N/A       100%        8
 Infestation              Necr           4%         N/A       100%        8


Dungeon Overview and Level Annotations

Branches:
Dungeon (14/15)            Temple (0/1) D:5            Lair (0/6) D:11
    Orc (2/2) D:10            Elf (0/3) Orc:2         Sewer (visited)
Ossuary (visited)           IceCv (1/1)
 Vaults: D:13-14

Altars:
Cheibriados
Fedhas
Kikubaaqudgha
Vehumet
Xom
Zin
Beogh

Annotations:
D:3 3 runed translucent doors, exclusion: 3 doors, mrw3rdna's ghost, amateur MiFi
D:7 exclusion: downstairs
D:8 exclusion: 2 doors
D:12 1 runed translucent door, boopmooplesden's ghost, journeyman MiFi
D:13 Snorg
D:14 1 transporter, Josephine


Innate Abilities, Weirdness & Mutations

You have a beak for a mouth.
You have claws for feet.
Your magical nature lets you fly swiftly and evasively.


Message History

You throw a boomerang.
The boomerang hits the entropy weaver simulacrum but does no damage.
The entropy weaver simulacrum is severely damaged.
Unknown command.
Throw: 37 boomerangs
Press: ? - help, Q - select action, (/) - cycle Shift-Dir - straight line, f/p - entropy weaver simulacrum
Aim: an entropy weaver simulacrum (freezing vapour, severely damaged, 67% to hit)
You throw a boomerang.
The boomerang closely misses the entropy weaver simulacrum.
Unknown command.
Throw: 37 boomerangs
Press: ? - help, Q - select action, (/) - cycle Shift-Dir - straight line, f/p - entropy weaver simulacrum
Aim: an entropy weaver simulacrum (severely damaged, 67% to hit)
You throw a boomerang.
The boomerang hits the entropy weaver simulacrum.
The entropy weaver simulacrum is severely damaged.
The entropy weaver simulacrum hits you.
The entropy weaver simulacrum freezes you!
You resist.
The entropy weaver simulacrum misses you.
The entropy weaver simulacrum hits you.
The entropy weaver simulacrum freezes you!
You resist. The entropy weaver simulacrum hits you.
The entropy weaver simulacrum freezes you!
You resist.
You barely miss the entropy weaver simulacrum.
You peck the entropy weaver simulacrum, but do no damage.
The entropy weaver simulacrum is severely damaged.
You block the entropy weaver simulacrum's attack.
The entropy weaver simulacrum hits you.
The entropy weaver simulacrum freezes you!
You resist.
* * * LOW HITPOINT WARNING * * *
The entropy weaver simulacrum hits you.
* * * LOW HITPOINT WARNING * * *
The entropy weaver simulacrum freezes you!
You resist.
* * * LOW HITPOINT WARNING * * *
The entropy weaver simulacrum hits you.
You die...

####### ## $$$$)=!##
#######. ..$Z$}[)######
##.##...# ...$$/)#.#.#.#
##.#...### ..#$$###§§§§.##
#..#..## # ## #.○§§§§☼#
##### #...### #
##§☼○.§#####...####..##
#.§§.§°.##...##.####..##
##....#§.Z@####..####..###
###.####..# ##..# ###..##
#####.### #..### ##...
#..#########...## #..#
##...##.........####..
#..###...⌠...#..####.
###..##...).##...#≈##
#..#########..###≈≈# #..##
##..##≈≈≈


You could see an entropy weaver simulacrum.

Vanquished Creatures
  A centaur warrior (D:11)
  5 two-headed ogres
  2 bog bodies (IceCv)
  A deep elf pyromancer (D:9)
  A manticore (D:11)
  An ice statue (IceCv)
  An entropy weaver simulacrum (IceCv)
  2 trolls
  A meliai zombie (D:11)
  Sigmund (D:4)
  A dire elephant simulacrum (IceCv)
  A wraith (D:10)
  4 wyverns
  8 yaks
  A basilisk (D:11)
  A fire bat (D:8)
  A steam dragon (D:9)
  A death yak simulacrum (IceCv)
  3 wargs
  5 water moccasins
  An acid dragon (D:6)
  2 black bears
  21 orc warriors
  5 ogres
  A necrophage (D:5)
  A tengu (D:8)
  13 centaurs
  3 wolves (D:11)
  2 phantoms
  3 kobold brigands
  2 bullfrogs
  2 wyvern zombies (D:8)
  7 two-headed ogre simulacra (IceCv)
  3 scorpions
  2 cane toad simulacra (IceCv)
  A water moccasin skeleton (D:5)
  13 killer bees
  3 wights
  3 elephant simulacra (IceCv)
  3 howler monkeys
  4 centaur zombies
  A hound (D:6)
  3 gnoll shamans
  A jelly (D:8)
  7 orc priests
  A bullfrog skeleton (D:5)
  4 iguanas
  A polar bear simulacrum (IceCv)
  5 troll simulacra (IceCv)
  6 orc wizards
  5 spriggan simulacra (IceCv)
  A wolf simulacrum (IceCv)
  3 howler monkey zombies
  A howler monkey skeleton (D:7)
  13 gnolls
  11 adders
  6 naga simulacra (IceCv)
  6 river rats (D:5)
  A shadow imp (D:6)
  13 white imps
  7 ufetubi
  2 worms
  4 dart slugs
  85 orcs
  8 ball pythons
  An endoplasm (D:1)
  3 giant cockroaches
  A goblin (D:1)
  6 hobgoblins
  3 quokkas
  11 bats
  A frilled lizard (D:1)
  16 kobolds
  7 rats
381 creatures vanquished.

Vanquished Creatures (others)
  2 white imps (IceCv)
  An ufetubus (IceCv)
  An orc (D:9)
  73 fulminant prisms
  4 fungi
  21 plants
102 creatures vanquished.

Grand Total: 483 creatures vanquished

Notes
Turn   | Place    | Note
-------+----------+-------------------------------------------
     0 | D:1      | belegose the Tengu Conjurer began the quest for the Orb.
     0 | D:1      | Reached XP level 1. HP: 10/10 MP: 4/4
   294 | D:1      | Reached XP level 2. HP: 16/16 MP: 4/6
   318 | D:1      | Found a faded altar of an unknown god.
   325 | D:1      | Got Plato's Guide on Changing
   643 | D:1      | Learned a level 2 spell: Poisonous Vapours
   902 | D:1      | Reached XP level 3. HP: 20/20 MP: 4/7
  1121 | D:2      | Reached skill level 1 in Air Magic
  1173 | D:2      | Reached skill level 1 in Poison Magic
  1393 | D:2      | Reached XP level 4. HP: 24/24 MP: 3/8
  2093 | D:3      | Found a runed translucent gate.
  2104 | D:3      | Noticed a black bear
  2177 | D:3      | Killed a black bear
  2178 | D:3      | Gained mutation: Your magical nature lets you fly swiftly
                  | and evasively. [Tengu growth]
  2178 | D:3      | Reached XP level 5. HP: 22/28 MP: 1/9
  2603 | D:3      | Found a radiant altar of Vehumet.
  2691 | D:3      | Found a runed translucent gate.
  2729 | D:3      | Became a worshipper of Vehumet
  2762 | D:3      | Found a runed translucent gate.
  2764 | D:3      | Noticed mrw3rdna's ghost (amateur MiFi)
  3330 | D:4      | Reached XP level 6. HP: 33/33 MP: 1/10
  3932 | D:4      | Noticed Sigmund
  3962 | D:4      | Killed Sigmund
  3963 | D:4      | Reached skill level 5 in Air Magic
  4234 | D:5      | Entered Level 5 of the Dungeon
  4292 | D:4      | Reached skill level 1 in Fighting
  4292 | D:4      | Reached XP level 7. HP: 32/38 MP: 4/11
  4435 | D:4      | Reached * piety under Vehumet
  4435 | D:4      | Offered knowledge of Foxfire by Vehumet.
  4511 | D:5      | Found a glowing silver altar of Zin.
  4615 | D:5      | Found a glowing drain.
  4622 | Sewer    | Entered a sewer
  5087 | D:5      | Learned a level 4 spell: Fulminant Prism
  5167 | D:5      | Reached skill level 5 in Poison Magic
  5273 | D:5      | Found a staircase to the Ecumenical Temple.
  5276 | D:5      | Reached XP level 8. HP: 45/45 MP: 13/13
  5513 | D:5      | Offered knowledge of Freeze by Vehumet.
  5602 | D:5      | Reached ** piety under Vehumet
  6458 | D:5      | Found a blossoming altar of Fedhas.
  6487 | D:6      | Found an ancient bone altar of Kikubaaqudgha.
  6834 | D:5      | Reached XP level 9. HP: 34/52 MP: 10/16
  6896 | D:6      | Found a sand-covered staircase.
  6905 | Ossuary  | Entered an ossuary
  7912 | D:6      | Offered knowledge of Conjure Flame by Vehumet.
  8407 | D:7      | Noticed a troll
  8458 | D:7      | Killed a troll
  8459 | D:7      | Reached skill level 5 in Fighting
  8459 | D:7      | Reached skill level 1 in Long Blades
  8459 | D:7      | Reached skill level 5 in Spellcasting
  9177 | D:8      | Reached skill level 1 in Hexes
  9493 | D:8      | Found a snail-covered altar of Cheibriados.
  9967 | D:9      | Noticed a two-headed ogre
 10000 | D:9      | Killed a two-headed ogre
 10000 | D:9      | Reached *** piety under Vehumet
 10001 | D:9      | Reached XP level 10. HP: 59/59 MP: 13/20
 11043 | D:9      | Offered knowledge of Hailstorm by Vehumet.
 11259 | D:8      | Reached skill level 5 in Hexes
 11413 | D:9      | Noticed a deep elf pyromancer
 11429 | D:9      | Noticed a two-headed ogre
 11443 | D:9      | Killed a deep elf pyromancer
 11503 | D:9      | Killed a two-headed ogre
 11504 | D:9      | Reached skill level 1 in Armour
 11745 | D:10     | Entered Level 10 of the Dungeon
 11782 | D:10     | Noticed a two-headed ogre
 11943 | D:10     | Reached skill level 5 in Armour
 11943 | D:10     | Reached XP level 11. HP: 62/64 MP: 21/21
 12074 | D:10     | Learned a level 3 spell: Summon Guardian Golem
 12104 | D:10     | Reached **** piety under Vehumet
 12126 | D:10     | Killed a two-headed ogre
 12127 | D:10     | Reached skill level 1 in Evocations
 12169 | D:10     | Noticed a two-headed ogre
 12219 | D:10     | Killed a two-headed ogre
 12268 | D:10     | Offered knowledge of Sticky Flame by Vehumet.
 12694 | D:10     | Learned a level 2 spell: Blink
 12699 | D:10     | Learned a level 4 spell: Sticky Flame
 12858 | D:10     | Reached skill level 1 in Shields
 13270 | D:10     | Found a staircase to the Orcish Mines.
 13294 | D:10     | Found a shimmering altar of Xom.
 13654 | D:10     | Reached ***** piety under Vehumet
 13933 | D:11     | Offered knowledge of Bolt of Magma by Vehumet.
 13934 | D:11     | Reached skill level 1 in Translocations
 14037 | D:11     | Noticed a manticore
 14291 | D:11     | Killed a manticore
 14423 | D:11     | Noticed a two-headed ogre
 14445 | D:11     | Killed a two-headed ogre
 14592 | D:11     | Reached XP level 12. HP: 68/68 MP: 24/24
 14781 | D:11     | Noticed a centaur warrior
 14790 | D:11     | Killed a centaur warrior
 14834 | D:11     | Found a staircase to the Lair.
 14886 | D:11     | You are sucked into a shaft and drop 3 floors!
 14906 | D:14     | Noticed a centaur warrior
 14913 | D:14     | Noticed Josephine
 14943 | D:14     | Noticed a two-headed ogre
 14947 | D:14     | Found a transporter.
 14971 | D:13     | Noticed Snorg
 15039 | D:12     | Found a runed translucent door.
 15041 | D:12     | Noticed boopmooplesden's ghost (journeyman MiFi)
 15042 | D:12     | Identified the +9 spear of the Warrior {flame, Str+3}
 15206 | D:11     | Learned a level 5 spell: Freezing Cloud
 15244 | Orc:1    | Entered Level 1 of the Orcish Mines
 15346 | Orc:2    | Entered Level 2 of the Orcish Mines
 15354 | Orc:2    | Reached skill level 1 in Ice Magic
 15409 | Orc:1    | Offered knowledge of Iron Shot by Vehumet.
 15474 | Orc:1    | Found a frozen archway.
 15483 | IceCv    | Entered an ice cave
 16339 | IceCv    | Got Fafaogent's Guide on the Congealing Entourage
 16689 | IceCv    | Found the +6 arbalest "Damnation" {damnation}
 16714 | IceCv    | Reached skill level 5 in Ice Magic
 17023 | IceCv    | HP: 2/68 [entropy weaver simulacrum (8)]
 17023 | IceCv    | Slain by an entropy weaver simulacrum

Illustrated notes

Levels and vault maps discovered:
D:1:      wander_arrival_fairy_ring, layout_loops_ring,
          shapermc_ecumenical_altar_rom_forum
D:2:      layout_loops_ring
D:3:      layout_basic, marbit_many_paths, gammafunk_ghost_split,
          minmay_box_of_dots
D:4:      layout_rooms, uniq_sigmund
D:5:      layout_loops_ring, mainiacjoe_overflow_tiny_flanked, zin_statuary,
          minmay_temple_entry_glass, lightli_sewer_entry_pipes
D:6:      layout_gridville, kiku_gazebo_pond_becter, enter_ossuary_1
D:7:      layout_cave_pods
D:8:      kennysheep_seaside_town, layout_rooms, slow_altar_1, serial_rivers,
          chequers_serial_rivers_marsh, chequers_serial_rivers_micro_d,
          chequers_serial_rivers_small_b, chequers_serial_rivers_small_b,
          chequers_serial_rivers_room_b
D:9:      layout_long_grid, special_room [special_room_orc]
D:10:     layout_roguey [special_room_orc], mainiacjoe_overflow_catwalk,
          david_orc_5, kennysheep_generic_room_3
D:11:     layout_cave_pools, minmay_lair_entry_grove
D:12:     layout_stronghold, ebering_ghost_funeral_grove, sword_in_stone
D:13:     layout_basic, enter_trove_6, uniq_snorg
D:14:     layout_rooms, erik_vaults_2, gammafunk_ghost_smash,
          grunt_decor_one_mirror, david_defended_altar_orc, uniq_josephine
Orc:1:    layout_diamond_mine, serial_shops, nicolae_shop_behind_doors,
          portal_ice_cave_entry_imps, uniq_jorgrun
Orc:2:    st_orc_town, layout_caves, serial_shops, bzr_entry_gold,
          minmay_orc_temple_a
IceCv:    ice_cave_caverns_02

Skill      XL: |  1  2  3  4  5  6  7  8  9 10 11 12 |
---------------+-------------------------------------+-----
Air Magic      | 2 3 4 5 |  5.7
Poison Magic   | 1 2 3 4 5 6 |  6.4
Fighting       | 1 2 4 5 |  5.2
Conjurations   | 6 7 8 |  8.4
Spellcasting   | 3 4 6 7 8 |  8.6
Long Blades    | 4 |  4.7
Hexes          | 3 6 |  6.0
Armour         | 5 |  5.3
Stealth        | 4 |  4.1
Summonings     | 3 |  3.4
Evocations     | 2 |  2.8
Shields        | 4 |  4.0
Translocations | 3 4 |  4.0
Ice Magic      | 5 |  5.9
Dodging        | |  2.5

Action                   |  1- 3 |  4- 6 |  7- 9 | 10-12 || total
-------------------------+-------+-------+-------+-------++-------
Melee: Unarmed           |    12 |       |       |       ||    12
       Peck              |     4 |     7 |    24 |    47 ||    82
       Kick              |     4 |     9 |    34 |    81 ||   128
       Club              |    10 |       |       |       ||    10
       Short sword       |     1 |       |       |       ||     1
       Long sword        |       |    40 |   170 |   324 ||   534
       Staff             |       |       |       |     4 ||     4
Throw: Boomerang         |       |       |     8 |    98 ||   106
       Dart              |       |       |       |     5 ||     5
 Cast: Magic Dart        |    50 |    29 |    14 |     3 ||    96
       Poisonous Vapours |       |    17 |    93 |   190 ||   300
       Fulminant Prism   |       |       |       |    73 ||    73
       Summon Guardian G |       |       |       |     4 ||     4
       Sticky Flame      |       |       |       |     1 ||     1
Evoke: Wand              |       |       |     4 |    10 ||    14
       Phantom mirror    |       |       |       |     1 ||     1
       Lightning rod     |       |       |       |     2 ||     2
  Use: Scroll            |       |     1 |       |    17 ||    18
       Potion            |       |       |       |     2 ||     2
 Stab: Sleeping          |       |     3 |     4 |     3 ||    10
       Distracted        |       |       |       |     1 ||     1
Armor: Robe              |    10 |    16 |    56 |       ||    82
       Troll leather arm |       |       |    10 |   138 ||   148
Dodge: Dodged            |    21 |    35 |   152 |   248 ||   456
Block: Other             |       |    17 |    46 |    44 ||   107
       Reflection        |       |       |     2 |    17 ||    19
       Buckler           |       |       |       |   147 ||   147
       Rpst.: Long sword |       |    12 |    54 |    58 ||   124
